 Dungeon Crawl Stone Soup version 0.29-a0-275-g389c0b56f3 (webtiles) character file.

Game seed: 12529734216316760404

208 mopl the Chopper (level 5, -3/44 HPs)
             Began as a Palentonga Fighter on Mar 9, 2022.
             Slain by a gnoll
             ... wielding a +0 halberd
              (10 damage)
             ... on level 4 of the Dungeon.
             The game lasted 00:03:16 (2835 turns).

mopl the Chopper (Palentonga Fighter)               Turns: 2835, Time: 00:03:17

Health: -3/44      AC:  9    Str: 20    XL:     5   Next: 55%
Magic:  5/5        EV:  4    Int:  8    God:
Gold:   114        SH:  4    Dex: 11    Spells: 4/4 levels left

rFire   . . .      SeeInvis +   a - +0 war axe
rCold   . . .      Faith    .   c - +0 buckler
rNeg    . . .      Spirit   .   o - +0 plate armour
rPois   .          Reflect  .   (no helmet)
rElec   .          Harm     .   (no cloak)
rCorr   .          Rampage  .   (no gloves)
Will    .....                   (no barding)
Stlth   ..........              (no amulet)
HPRegen 0.14/turn               g - ring of flight
MPRegen 0.09/turn               (no ring)

@: flying
A: large, rugged brown scales 3, see invisible, deformed body, roll 1, armoured
tail
a: Rolling Charge


You were on level 4 of the Dungeon.
You visited 1 branch of the dungeon, and saw 4 of its levels.

You collected 114 gold pieces.

Inventory:

Hand Weapons
 a - a +0 war axe (weapon)
 k - the +1 mace of the Hierophant {spect, rF+ rN+ Str+4}
   (You found it on level 2 of the Dungeon)

   When its wielder attacks, the weapon's spirit leaps out and strikes again.
   The spirit shares a part of any damage it takes with its wielder.
   Str:       It affects your strength (+4).
   rF:        It protects you from fire.
   rN:        It protects you from negative energy.
Missiles
 b - 5 atropa-tipped darts
 m - 6 poisoned darts
 r - a boomerang
Armour
 c - a +0 buckler (worn)
 o - a +0 plate armour (worn)
Jewellery
 g - a ring of flight (left hand)
Scrolls
 e - 2 scrolls of blinking {unknown}
 l - a scroll of noise {unknown}
 n - a scroll of teleportation {unknown}
Potions
 d - 2 potions of might
 f - a potion of resistance
 h - a potion of invisibility
 i - 3 potions of curing
 j - 4 potions of lignification {unknown}
 p - a potion of ambrosia
 q - 2 potions of berserk rage {unknown}


   Skills:
 + Level 3.9 Fighting
 * Level 3.9 Axes
 + Level 3.1 Armour
 + Level 1.7 Dodging
 - Level 2.4 Shields


You had 4 spell levels left.
You didn't know any spells.
Your spell library contained the following spells:

 Spells                   Type           Power      Damage    Failure   Level
 Blink                    Tloc           0%         N/A       100%        2
 Lesser Beckoning         Tloc           0%         N/A       100%        3
 Alistair's Intoxication  Tmut/Pois      0%         N/A       100%        5
 Borgnjor's Vile Clutch   Necr/Erth      0%         N/A       100%        5
 Manifold Assault         Tloc           0%         N/A       100%        5
 Eringya's Noxious Bog    Tmut/Pois      0%         N/A       100%        6


Dungeon Overview and Level Annotations

Branches:
Dungeon (4/15)
 Temple: D:4-7

Altars:
Ashenzari
Elyvilon


Innate Abilities, Weirdness & Mutations

You are completely covered in rugged brown scales. (AC +3, +7% HP)
You have supernaturally acute eyesight. (SInv)
Armour fits poorly on your strangely shaped body.
You can roll at nearby foes to attack.
You have a long armoured tail.


Message History

Found a robe.
You see here a +0 robe.
i - 3 potions of curing (gained 1)
A gnoll comes into view. It is wielding a +0 halberd.
The gnoll shouts!
A gnoll comes into view. It is wielding a +0 flail.
The gnoll shouts!
A gnoll comes into view. It is wielding a +0 halberd.
The gnoll shouts!
The gnoll hits you but does no damage.
You closely miss the gnoll.
Your tail-slap misses the gnoll.
You block the gnoll's attack.
You barely miss the gnoll. You tail-slap the gnoll.
The gnoll is moderately wounded.
You barely miss the gnoll. You block the gnoll's attack.
The gnoll hits you with a +0 flail.
The gnoll hits you from afar with a +0 halberd!
The gnoll hits you with a +0 flail. You block the gnoll's attack.
You hit the gnoll.
The gnoll is severely wounded.
You hit the gnoll but do no damage. The gnoll completely misses you.
You block the gnoll's attack.
The gnoll hits you from afar with a +0 halberd.
You slash the gnoll!
You kill the gnoll!
You hit the gnoll. The gnoll hits you with a +0 halberd.
The gnoll hits you from afar with a +0 halberd.
You hit the gnoll.
Your tail-slap misses the gnoll.
The gnoll is severely wounded.
You block the gnoll's attack.
The gnoll hits you from afar with a +0 halberd!
* * * LOW HITPOINT WARNING * * *
The gnoll barely misses you. The gnoll hits you with a +0 halberd!
* * * LOW HITPOINT WARNING * * *
You block the gnoll's attack.
Things that are here:
a +0 leather armour; a +0 dagger; an orc skeleton
There is a stone staircase leading up here.
The gnoll hits you from afar with a +0 halberd!
You die...

.............#...##
......#.#..####...#
.....####...###..##
.....# ###.....##
...... #.......##
.............#g...#
......##.#..###g..#
... #.##... ##[)#
... #..####@## ...
....#.)## ..
.....#)..#
...........#
.....#.....# #...
#....... ...
.......... .#
....#.##...
.....### ...


You could see 2 gnolls.

Vanquished Creatures
  A jelly (D:4)
  Jessica (D:2)
  4 gnolls
  4 adders
  A worm (D:2)
  6 orcs
  6 ball pythons
  3 bats
  5 endoplasms
  2 giant cockroaches
  3 goblins
  7 hobgoblins
  3 jackals (D:1)
  4 quokkas
  5 frilled lizards
  9 kobolds
  3 rats
67 creatures vanquished.

Vanquished Creatures (others)
  7 plants (D:3)
7 creatures vanquished.

Grand Total: 74 creatures vanquished

Notes
Turn   | Place    | Note
-------+----------+-------------------------------------------
     0 | D:1      | mopl the Palentonga Fighter began the quest for the Orb.
     0 | D:1      | Reached XP level 1. HP: 19/19 MP: 1/1
   272 | D:1      | Reached XP level 2. HP: 20/25 MP: 2/2
   723 | D:1      | Found a faded altar of an unknown god.
   880 | D:2      | Reached XP level 3. HP: 22/31 MP: 3/3
  1057 | D:2      | Noticed Jessica
  1060 | D:2      | Killed Jessica
  1061 | D:2      | Reached skill level 3 in Axes
  1061 | D:2      | Reached skill level 1 in Dodging
  1076 | D:2      | Identified the +1 mace of the Hierophant {spect, rF+ rN+
                  | Str+4}
  1324 | D:2      | Reached XP level 4. HP: 37/37 MP: 4/4
  1795 | D:3      | Found a broken altar of Ashenzari.
  1811 | D:3      | Reached skill level 3 in Armour
  1839 | D:3      | Found a white marble altar of Elyvilon.
  2229 | D:3      | Reached XP level 5. HP: 43/44 MP: 5/5
  2798 | D:4      | HP: 2/44 [gnoll/+0 halberd (10)]
  2835 | D:4      | Slain by a gnoll

Illustrated notes

Levels and vault maps discovered:
D:1:      lemuel_arrival_cross, layout_loops_ring,
          shapermc_ecumenical_altar_hornbeckon, minmay_quantized
D:2:      layout_loops_ring, uniq_jessica
D:3:      layout_basic, mainiacjoe_overflow_large_starburst, serial_rivers,
          chequers_serial_rivers_marsh, chequers_serial_rivers_room_a,
          chequers_serial_rivers_large_b, chequers_serial_rivers_micro_e,
          chequers_serial_rivers_micro_e, serial_bayou_crossing
D:4:      layout_cave_pools, serial_shops, kennysheep_mini_moat

Skill      XL: |  1  2  3  4 |
---------------+-------------+-----
Axes           | 3 |  3.9
Dodging        | 1 |  1.7
Armour         | 3 |  3.1
Fighting       | |  3.9
Shields        | |  2.4

Action                   |  1- 3 |  4- 6 || total
-------------------------+-------+-------++-------
Melee: War axe           |    75 |   103 ||   178
       Tailslap          |     8 |     6 ||    14
 Abil: Rolling Charge    |     4 |     1 ||     5
  Use: Scroll            |       |     4 ||     4
Armor: Scale mail        |    29 |       ||    29
       Chain mail        |     2 |     5 ||     7
       Plate armour      |       |    59 ||    59
Dodge: Dodged            |    38 |    20 ||    58
Block: Buckler           |     8 |    27 ||    35

Table legend: (Time is in decaauts)
 A = Elapsed time spent in this place.
 B = Non-inter-level travel time spent in this place.
 C = Inter-level travel time spent in this place.
 D = Time resting spent in this place.
 E = Time spent auto-exploring this place.
 F = Levels seen in this place.
 G = Mean time per level.
                   A        B        C        D        E       F      G
               +--------+--------+--------+--------+--------+-----+--------+
         Total |   2912 |   2859 |     53 |    517 |   1746 |   4 |  728.0 |
       Dungeon |   2912 |   2859 |     53 |    517 |   1746 |   4 |  728.0 |
               +--------+--------+--------+--------+--------+-----+--------+

Top non-repeatable levels by time:
     D:3: 1159 daAuts
     D:1: 903 daAuts
     D:2: 610 daAuts
     D:4: 239 daAuts
